 Dungeon Crawl Stone Soup version 0.32-a0-163-g159c032296 (webtiles) character file.

Game seed: 13091346771314633326

238 PriceMaster the Firebug (level 6, -10/36 HPs)
             Began as an Octopode Fire Elementalist on Feb 11, 2024.
             Mangled by an ogre
             ... wielding a +0 giant club
              (28 damage)
             ... on level 4 of the Dungeon.
             The game lasted 00:07:26 (4206 turns).

PriceMaster the Firebug (OpFE)                      Turns: 4206, Time: 00:07:27

Health: -10/36     AC:  5    Str:  7    XL:     6   Next: 7%
Magic:  4/10       EV: 18    Int: 18    God:
Gold:   151        SH:  0    Dex: 14    Spells: 5/11 levels left

rFire   . . .        b - +0 rapier (vamp)
rCold   . . .        (no shield)
rNeg    . . .        (helmet restricted)
rPois   +            q - amulet of regeneration
rElec   .            e - ring of poison resistance
rCorr   .            s - +5 ring of evasion
SInv    .            (no ring)
Will    .....        (no ring)
Stlth   +++          (no ring)
HPRegen 1.06/turn    (no ring)
MPRegen 0.12/turn    (no ring)
                     (no ring)

%: no passive effects
@: brilliant, very slightly contaminated
A: almost no armour, amphibious, 8 rings, camouflage 1, gelatinous body 1,
(nimble swimmer 1), tentacles, iridescent scales 2, sense surroundings 1
a: no special abilities


You were on level 4 of the Dungeon.
You visited 1 branch of the dungeon, and saw 4 of its levels.

You collected 151 gold pieces.

Inventory:

Hand Weapons
 b - a +0 vampiric rapier (weapon)
 d - a +1 sling of flaming
Jewellery
 e - a ring of poison resistance (left tentacle)
 q - an amulet of regeneration (around mantle)
 s - a +5 ring of evasion (right tentacle)
Scrolls
 c - a scroll of amnesia
 j - a scroll of teleportation
 t - a scroll of blinking
Potions
 a - a potion of berserk rage
 h - 2 potions of lignification
 m - 2 potions of degeneration
 o - a potion of brilliance
 p - a potion of cancellation
 u - a potion of might {unknown}


   Skills:
 + Level 0.2 Fighting
 + Level 2.0 Short Blades
 + Level 2.0 Dodging
 + Level 3.7 Stealth
 + Level 3.1 Spellcasting
 + Level 2.1 Conjurations
 + Level 0.9 Hexes
 + Level 4.3 Fire Magic


You had 5 spell levels left.
You knew the following spells:

 Your Spells              Type           Power      Damage    Failure   Level
a - Foxfire               Conj/Fire      84%        2x1d8     4%          1
b - Scorch                Fire           54%        2d7       4%          2
c - Inner Flame           Hex/Fire       18%        N/A       16%         3

Your spell library contained the following spells:

 Spells                   Type           Power      Damage    Failure   Level
 Sting                    Conj/Alch      40%        1d5       11%         1
 Apportation              Tloc           8%         N/A       16%         1
 Necrotise                Necr           16%        1d4       16%         1
 Summon Small Mammal      Summ           16%        N/A       16%         1
 Jinxbite                 Hex            18%        N/A       17%         2
 Volatile Blastmotes      Fire/Tloc      32%        2d12      21%         3
 Flame Wave               Conj/Fire      21%        2d8       38%         4
 Summon Ice Beast         Ice/Summ       4%         N/A       43%         3
 Vampiric Draining        Necr           4%         2d6       43%         3
 Martyr's Knell           Necr/Summ      4%         N/A       85%         4
 Vhi's Electric Charge    Tloc/Air       8%         N/A       85%         4
 Arcjolt                  Conj/Air       5%         1d15      96%         5
 Summon Mana Viper        Hex/Summ       6%         N/A       98%         5
 Alistair's Intoxication  Alch           2%         N/A       99%         5
 Curse of Agony           Necr           4%         N/A       99%         5
 Monstrous Menagerie      Summ           2%         N/A       100%        7
 Maxwell's Capacitive Co  Air            2%         ∞         100%        8


Dungeon Overview and Level Annotations

Branches:
Dungeon (4/15)
 Temple: D:4-7

Altars:
Qazlal

Shops:
D:1 ?


Innate Abilities, Weirdness & Mutations

You cannot wear most types of armour.
You are amphibious.
You can wear up to eight rings at the same time.
Your skin changes colour to match your surroundings (Stealth+).
Your rubbery body absorbs attacks. (AC +1, EV +1)
((You are camouflaged when in or above water. (Stealth+)))
You have tentacles for arms and can constrict up to eight enemies at once.
You are mostly covered in iridescent scales. (AC +4)
You passively map a small area around you.


Message History

The jackal bites you but does no damage. x2
You feel a surge of power!
You conjure some foxfire!
The jackal barely misses you. The jackal closely misses you.
The foxfire hits the jackal.
You kill the jackal!
The foxfire hits the jackal.
You kill the jackal!
Magic courses through your body.
Casting: Foxfire (safe; 4% risk of failure)
Confirm with . or Enter, or press ? or * to list all spells.
Aiming: Inner Flame (quite dangerous; 16% risk of failure)
Press: ? - help, Dir - move target, f - ogre
Aim: an ogre, wielding a +0 giant club (chance to affect: 73%)
You feel a surge of power!
The ogre struggles to resist.
The orc warrior completely misses you.
Casting: Inner Flame (quite dangerous; 16% risk of failure)
Confirm with . or Enter, or press ? or * to list all spells.
Aiming: Inner Flame (quite dangerous; 16% risk of failure)
Press: ? - help, Dir - move target, f/p - ogre
Aim: an ogre, wielding a +0 giant club (chance to affect: 73%)
You feel a surge of power!
The ogre struggles to resist.
The orc warrior barely misses you.
Casting: Inner Flame (quite dangerous; 16% risk of failure)
Confirm with . or Enter, or press ? or * to list all spells.
Aiming: Inner Flame (quite dangerous; 16% risk of failure)
Press: ? - help, Dir - move target, f/p - ogre
Aim: an ogre, wielding a +0 giant club (chance to affect: 73%)
You feel a surge of power!
The ogre is filled with an inner flame.
The orc warrior closely misses you.
The orc warrior attacks as it pursues you!
The orc warrior hits you with a +0 long sword!
Okay, then.
Okay, then.
You feel a surge of power!
You miscast Foxfire.
Nothing appears to happen.
The orc warrior hits you with a +0 long sword!
* * * LOW HITPOINT WARNING * * *
You feel better. The orc warrior misses you.
The ogre hits you with a +0 giant club!!
Ouch! That really hurt!
You die...

.......,,,,,,,,.†.#.##.##....,*
.#.#...,,,,,,,,#†............**
...#.........,*#..##.##.....#***
.###.........#*#$.##......#....#
..,,....).....*#.####..........#
,............###.#.......###...#
...##..........................#*
..##...)...#...Oo.........#....#*
..##.......#....@...............,
..#<.<....##.#..................,
#.#........#.#.........÷........,
...........#...........##.......,
.§§.............................,
~.§§..........÷.................,
.~§...................#...###...*
.§.~§..#...#..##.###..##...#####*
§§§.~..#..##..###.######...####


You could see an orc warrior and an ogre (inner flame).

Vanquished Creatures
  A hound (D:4)
  An orc priest (D:4)
  An orc wizard (D:3)
  3 gnolls (D:2)
  4 adders
  A dart slug (D:4)
  A ribbon worm (D:3)
  7 orcs
  4 ball pythons
  6 endoplasms
  2 giant cockroaches
  3 goblins
  11 hobgoblins
  4 jackals (D:4)
  4 kobolds
  5 quokkas
  7 bats
  4 frilled lizards
  9 rats
78 creatures vanquished.

Vanquished Creatures (others)
  183 foxfires
183 creatures vanquished.

Grand Total: 261 creatures vanquished

Notes
Turn   | Place    | Note
-------+----------+-------------------------------------------
     0 | D:1      | PriceMaster the Octopode Fire Elementalist began the quest
                  | for the Orb.
     0 | D:1      | Reached XP level 1. HP: 11/11 MP: 3/3
   105 | D:1      | Found Tiabe's Magic Scroll Boutique.
   224 | D:1      | Reached XP level 2. HP: 17/17 MP: 5/5
   227 | D:1      | Learned a level 2 spell: Scorch
  1224 | D:2      | Reached XP level 3. HP: 17/21 MP: 6/6
  1253 | D:2      | Learned a level 3 spell: Inner Flame
  1257 | D:2      | Reached skill level 1 in Short Blades
  1602 | D:2      | Reached XP level 4. HP: 27/27 MP: 1/7
  2381 | D:3      | Reached XP level 5. HP: 31/31 MP: 2/8
  2570 | D:3      | Reached skill level 4 in Fire Magic
  3358 | D:4      | Found a stormy altar of Qazlal.
  3592 | D:4      | Noticed an ogre
  3654 | D:4      | Noticed an orc warrior
  3987 | D:4      | Reached XP level 6. HP: 24/36 MP: 0/10
  4171 | D:4      | Gained mutation: Your system is resistant to poisons.
                  | (rPois) [potion of mutation]
  4172 | D:4      | Lost mutation: Your system is resistant to poisons. (rPois)
                  | [potion of mutation]
  4172 | D:4      | Gained mutation: One of your tentacles bears a spike.
                  | [potion of mutation]
  4172 | D:4      | Gained mutation: You are partially covered in iridescent
                  | scales. (AC +2) [potion of mutation]
  4172 | D:4      | Gained mutation: You are vulnerable to cold. (rC-) [potion
                  | of mutation]
  4172 | D:4      | Gained mutation: You passively map a small area around you.
                  | [potion of mutation]
  4173 | D:4      | Lost mutation: You are partially covered in iridescent
                  | scales. (AC +2) [potion of mutation]
  4173 | D:4      | Lost mutation: You are vulnerable to cold. (rC-) [potion of
                  | mutation]
  4173 | D:4      | Lost mutation: One of your tentacles bears a spike. [potion
                  | of mutation]
  4173 | D:4      | Gained mutation: Your muscles are strong. (Str +4, Int/Dex
                  | -1) [potion of mutation]
  4173 | D:4      | Gained mutation: You occasionally lose the ability to read
                  | scrolls when taking damage. [potion of mutation]
  4173 | D:4      | Gained mutation: You are partially covered in iridescent
                  | scales. (AC +2) [potion of mutation]
  4173 | D:4      | Gained mutation: You possess an exceptional clarity of
                  | mind. [potion of mutation]
  4174 | D:4      | Lost mutation: You possess an exceptional clarity of mind.
                  | [potion of mutation]
  4174 | D:4      | Lost mutation: Your muscles are strong. (Str +4, Int/Dex
                  | -1) [potion of mutation]
  4174 | D:4      | Lost mutation: You occasionally lose the ability to read
                  | scrolls when taking damage. [potion of mutation]
  4174 | D:4      | Gained mutation: You are mostly covered in iridescent
                  | scales. (AC +4) [potion of mutation]
  4206 | D:4      | Mangled by an ogre

Illustrated notes

Levels and vault maps discovered:
D:1:      dpeg_arrival_ratfight, layout_basic, serial_shops, shop, minivault_19
D:2:      layout_basic, minmay_cupped
D:3:      layout_basic
D:4:      layout_cave_pools, nicolae_qazlal_scattered_showers, serial_shops,
          kennysheep_mini

Skill      XL: |  1  2  3  4  5 |
---------------+----------------+-----
Stealth        | 3 |  3.7
Short Blades   | 1 2 |  2.0
Fire Magic     | 4 |  4.3
Conjurations   | 2 |  2.1
Spellcasting   | 3 |  3.1
Fighting       | |  0.2
Dodging        | |  2.0
Hexes          | |  0.9

Action                     |  1- 3 |  4- 6 || total
---------------------------+-------+-------++-------
  Melee: Rapier            |    31 |    12 ||    43
         Constrict         |     8 |       ||     8
         Unarmed           |     1 |       ||     1
         Tentacles         |     4 |     2 ||     6
   Cast: Foxfire           |    33 |    75 ||   108
         Scorch            |     9 |    10 ||    19
         Inner Flame       |     2 |     9 ||    11
    Use: Potion            |     3 |     7 ||    10
         Scroll            |     1 |    11 ||    12
   Stab: Sleeping          |     2 |     3 ||     5
 Armour: Skin              |    29 |    17 ||    46
  Dodge: Dodged            |    32 |    21 ||    53

Table legend: (Time is in decaauts)
 A = Elapsed time spent in this place.
 B = Non-inter-level travel time spent in this place.
 C = Inter-level travel time spent in this place.
 D = Time resting spent in this place.
 E = Time spent auto-exploring this place.
 F = Levels seen in this place.
 G = Mean time per level.
                   A        B        C        D        E       F      G
               +--------+--------+--------+--------+--------+-----+--------+
         Total |   4211 |   4123 |     88 |    647 |   2948 |   4 | 1052.8 |
       Dungeon |   4211 |   4123 |     88 |    647 |   2948 |   4 | 1052.8 |
               +--------+--------+--------+--------+--------+-----+--------+

Top non-repeatable levels by time:
     D:3: 1372 daAuts
     D:1: 1091 daAuts
     D:2: 899 daAuts
     D:4: 848 daAuts
